 Dungeon Crawl Stone Soup version 0.29-a0-834-g1e95ca9f62 (webtiles) character file.

Game seed: 717786479563358925

37 purpskrrrp the Sneak (level 3, 0/17 HPs)
             Began as a Vine Stalker Enchanter on July 13, 2022.
             Succumbed to an adder's poison
             ... on level 2 of the Dungeon.
             The game lasted 00:02:33 (1819 turns).

purpskrrrp the Sneak (Vine Stalker Enchanter)       Turns: 1819, Time: 00:02:33

Health: 0/17       AC:  2    Str: 10    XL:     3   Next: 39%
Magic:  4/7        EV: 12    Int: 15    God:
Gold:   75         SH:  0    Dex: 16    Spells: 7/7 levels left

rFire   . . .      SeeInvis .   a - +1 dagger
rCold   . . .      Faith    .   (no shield)
rNeg    . . .      Spirit   +   b - +0 robe
rPois   .          Reflect  .   (no helmet)
rElec   .          Harm     .   (no cloak)
rCorr   .          Rampage  .   (no gloves)
Will    .....                   (no boots)
Stlth   +++.......              (no amulet)
HPRegen 0.05/turn               (no ring)
MPRegen 0.10/turn               (no ring)

@: lethally poisoned (0 -> -2), hasted, very quick
A: fangs 2, magic shield, antimagic bite, no potion heal 2
a: no special abilities


You were on level 2 of the Dungeon.
You visited 1 branch of the dungeon, and saw 2 of its levels.

You collected 75 gold pieces.

Inventory:

Hand Weapons
 a - a +1 dagger (weapon)
Armour
 b - a +0 robe (worn)
Jewellery
 i - a ring of protection from fire
Potions
 c - 2 potions of invisibility
 d - a potion of heal wounds
 e - a potion of flight {unknown}
 g - a potion of brilliance


   Skills:
 + Level 0.3 Fighting
 + Level 1.3 Short Blades
 + Level 1.5 Dodging
 + Level 4.0 Stealth
 + Level 2.5 Spellcasting
 + Level 3.6 Hexes


You had 7 spell levels left.
You didn't know any spells.
Your spell library contained the following spells:

 Spells                   Type           Power      Damage    Failure   Level
 Confusing Touch          Hex            12%        N/A       14%         3
 Tukima's Dance           Hex            12%        N/A       14%         3
 Ensorcelled Hibernation  Hex/Ice        14%        N/A       16%         2
 Dazzling Flash           Conj/Hex       14%        N/A       30%         3
 Swiftness                Air            1%         N/A       54%         3
 Fireball                 Conj/Fire      0%         3d3       99%         5


Dungeon Overview and Level Annotations

Branches:
Dungeon (2/15)

Altars:
Ru


Innate Abilities, Weirdness & Mutations

You have extremely sharp teeth.
When hurt, damage is shared between your health and your magic reserves.
Your bite disrupts and absorbs the magic of your enemies.
Potions cannot restore your health.


Message History

You add the spells Swiftness and Fireball to your library.
A kobold comes into view. It is wielding a +0 whip.
Found a stone staircase leading down.
An adder comes into view.
You hit the kobold.
You kill the kobold!
You hit the adder but do no damage. Your bite misses the adder.
The adder bites you.
You are poisoned.
The adder poisons you! The adder bites you.
You are lethally poisoned!
The adder poisons you!
You hit the adder. You bite the adder. You drain its power.
You feel invigorated.
The adder is severely wounded.
You feel very sick. The adder bites you but does no damage.
You closely miss the adder.
The adder is severely wounded.
You feel very sick. The adder bites you.
* * * LOW HITPOINT WARNING * * *
You feel sick. The adder barely misses you.
You miss the adder.
The adder is severely wounded.
* * * LOW HITPOINT WARNING * * *
You feel sick. The adder bites you but does no damage.
You feel yourself speed up.
* * * LOW HITPOINT WARNING * * *
You feel sick. The adder bites you but does no damage.
You hit the adder.
The adder is almost dead.
The adder misses you.
You miss the adder. Your bite misses the adder.
The adder is almost dead.
* * * LOW HITPOINT WARNING * * *
You feel sick. The adder bites you.
You hit the adder.
You kill the adder!
You die...

### ..# #.# ###+#
#.# #.... #.#
#.... #.# #....
#.#######
#....####.......#
#.)†@.......#.# #
#...##.........#
. +...
#.#####.### .
#... #.#
#.########. #...
#.# #..........
#... #.#
####....... #...
#.# #....####.#
#### #>#
#....#.##..
#....#....#


There were no monsters in sight!

Vanquished Creatures
  An adder (D:2)
  4 ball pythons
  4 bats (D:1)
  3 endoplasms
  5 goblins
  5 hobgoblins
  2 jackals (D:1)
  3 quokkas
  A frilled lizard (D:2)
  3 kobolds
  A rat (D:1)
32 creatures vanquished.

Notes
Turn   | Place    | Note
-------+----------+-------------------------------------------
     0 | D:1      | purpskrrrp the Vine Stalker Enchanter began the quest for
                  | the Orb.
     0 | D:1      | Reached XP level 1. HP: 9/9 MP: 4/4
   351 | D:1      | Reached XP level 2. HP: 13/13 MP: 6/6
   570 | D:1      | Reached skill level 1 in Short Blades
   950 | D:1      | Reached XP level 3. HP: 15/16 MP: 7/7
  1522 | D:2      | Found a sacrificial altar of Ru.
  1526 | D:2      | Reached skill level 4 in Stealth
  1790 | D:2      | Got the Meditations on the Incendiary Sky
  1819 | D:2      | Succumbed to an adder's poison

Illustrated notes

Levels and vault maps discovered:
D:1:      dpeg_arrival_line_fractal, layout_basic
D:2:      layout_basic, basic_altar

Skill      XL: |  1  2  3 |
---------------+----------+-----
Short Blades   | 1 |  1.3
Stealth        | 4 |  4.0
Fighting       | |  0.3
Dodging        | |  1.5
Spellcasting   | |  2.5
Hexes          | |  3.6

Action                   || total
-------------------------++-------
Melee: Dagger            ||    91
       Bite              ||    16
  Use: Scroll            ||     4
       Potion            ||     1
 Stab: Sleeping          ||     8
Armor: Robe              ||    20
Dodge: Dodged            ||    57

Table legend: (Time is in decaauts)
 A = Elapsed time spent in this place.
 B = Non-inter-level travel time spent in this place.
 C = Inter-level travel time spent in this place.
 D = Time resting spent in this place.
 E = Time spent auto-exploring this place.
 F = Levels seen in this place.
 G = Mean time per level.
                   A        B        C        D        E       F      G
               +--------+--------+--------+--------+--------+-----+--------+
         Total |   1813 |   1798 |     15 |      0 |   1559 |   2 |  906.5 |
       Dungeon |   1813 |   1798 |     15 |      0 |   1559 |   2 |  906.5 |
               +--------+--------+--------+--------+--------+-----+--------+

Top non-repeatable levels by time:
     D:1: 1369 daAuts
     D:2: 444 daAuts
